[Event "Titled Tuesday Blitz November 15 Early 2022"]
[White "Quintiliano Pinto, Renato R."]
[Black "D`Arruda, Ricardo D."]
[WhiteFideId "2117568"]
[BlackFideId "100692"]
[WhiteElo "2472"]
[BlackElo "2494"]
[Result "1-0"]
[Round "08"]
[TimeControl "180+1"]
[Date "2022.11.16"]
[WhiteClock "0:00:15"]
[BlackClock "0:00:02"]

1. Nf3 d5 2. g3 Nf6 3. Bg2 c6 4. O-O g6 5. c4 Bg7 6. b3 Ne4 7. d4 O-O 8. Bb2 Nd7 9. e3 Ndf6 10. Qe2 a5 11. Nbd2 a4 12. a3 Nxd2 13. Nxd2 axb3 14. cxd5 cxd5 15. Nxb3 b6 16. Rfc1 Ba6 17. Qe1 Qd6 18. Bc3 Rfc8 19. Bb4 Qd7 20. a4 Bc4 21. Nd2 Rxa4 22. Rxa4 Qxa4 23. Bxe7 Qd7 24. Bb4 b5 25. Nb1 Ne4 26. Nc3 Nxc3 27. Qxc3 Bf8 28. Qb2 Bxb4 29. Qxb4 Ra8 30. h4 Qa7 31. Bf1 Qa3 32. Qb1 Qa2 33. Qb4 Qa3 34. Qd2 Qa2 35. Qd1 Qb2 36. Rb1 Qc3 37. Bxc4 dxc4 38. Kg2 b4 39. Rc1 Qd3 40. Qf3 Ra2 41. h5 gxh5 42. Rh1 Qe2 43. Qf6 Qg4 44. Rh4 Qg6 45. Qe5 c3 46. Rxh5 h6 47. Rh1 c2 48. d5 b3 49. d6 Qe6 50. Qd4 b2 51. d7 Qxd7 52. Qxd7 c1=Q 53. Qe8+ Kg7 54. Qe5+ Kg8 55. Rxh6 Qg1+ 56. Kxg1 b1=Q+ 57. Kg2 Qb7+ 58. e4 f6 59. Rg6+ Kh7 60. Qh5# 1-0


[Site "https://www.chess.com"]

[Event "Titled Tuesday Blitz November 15 Early 2022"]
[White "Rakhmatullaev, Almas"]
[Black "Pajeken, Jakob Leon"]
[WhiteFideId "14205793"]
[BlackFideId "12942839"]
[WhiteElo "2221"]
[BlackElo "2429"]
[Result "0-1"]
[Round "08"]
[TimeControl "180+1"]
[Date "2022.11.16"]
[WhiteClock "0:01:12"]
[BlackClock "0:02:10"]

1. e4 e5 2. Nf3 Nc6 3. Bb5 a6 4. Ba4 Nf6 5. O-O Be7 6. Re1 b5 7. Bb3 d6 8. c3 O-O 9. h3 Na5 10. Bc2 c5 11. d4 Qc7 12. d5 Nd7 13. Nbd2 Nb6 14. Nf1 f5 15. Ng3 f4 16. Nf5 g6 17. Nxe7+ Qxe7 18. b4 Nb7 19. a4 bxa4 20. Bxa4 Nxa4 21. Qxa4 Bd7 22. Qa2 g5 23. Ba3 cxb4 24. Bxb4 g4 25. hxg4 Bxg4 26. Nh2 Bh5 27. Qc4 a5 28. Ba3 Rf6 29. Rab1 Rg6 30. Qc6 Qg5 31. g4 fxg3 0-1


[Site "https://www.chess.com"]

[Event "Titled Tuesday Blitz November 15 Early 2022"]
[White "Ravot, Sylvain"]
[Black "Lohani, Sujana"]
[WhiteFideId "627763"]
[BlackFideId "12311987"]
[WhiteElo "2195"]
[BlackElo "1691"]
[Result "1-0"]
[Round "08"]
[TimeControl "180+1"]
[Date "2022.11.16"]
[WhiteClock "0:00:05"]
[BlackClock "0:00:01"]

1. e4 g6 2. d4 Bg7 3. c3 d6 4. Bd3 Nf6 5. h3 O-O 6. Nf3 c5 7. O-O cxd4 8. cxd4 Nc6 9. Nc3 Qb6 10. Na4 Qa5 11. Bd2 Qh5 12. Re1 h6 13. d5 Nb8 14. Rc1 Bxh3 15. gxh3 Qxh3 16. Bf1 Qg4+ 17. Bg2 Nxe4 18. Nh2 Qxd1 19. Rexd1 Nxd2 20. Rxd2 Na6 21. Bf1 Nb4 22. a3 b5 23. Bxb5 Rab8 24. Bf1 Na2 25. Ra1 Nb4 26. axb4 Rxb4 27. Nc3 Rfb8 28. Nd1 R8b7 29. Nf3 h5 30. Be2 Bh6 31. Rc2 Kg7 32. Kg2 Rg4+ 33. Kf1 Rf4 34. Rc4 Rf5 35. Ra5 Bf4 36. Nh4 Rf6 37. Kg2 Bd2 38. Ra3 Bb4 39. Rb3 Bc5 40. Rxb7 g5 41. Nf3 g4 42. Nd4 Rf4 43. Nc6 Rxf2+ 44. Nxf2 1-0


[Site "https://www.chess.com"]

[Event "Titled Tuesday Blitz November 15 Early 2022"]
[White "Ricaurte Lopez, Juan Carlos"]
[Black "Desideri, Ricardo Maruchi"]
[WhiteFideId "3600327"]
[BlackFideId "2110440"]
[WhiteElo "2209"]
[BlackElo "1945"]
[Result "1-0"]
[Round "08"]
[TimeControl "180+1"]
[Date "2022.11.16"]
[WhiteClock "0:00:02"]
[BlackClock "0:00:25"]

1. e4 c5 2. d4 cxd4 3. c3 Nf6 4. e5 Nd5 5. Qxd4 e6 6. Bd3 Nc6 7. Qe4 f5 8. Qe2 Qc7 9. Nf3 b6 10. O-O Bb7 11. a4 h6 12. Na3 a6 13. Nc2 Be7 14. Re1 O-O-O 15. Bxa6 g5 16. Bxb7+ Qxb7 17. Nfd4 Bc5 18. Nb5 Nf4 19. Bxf4 gxf4 20. b4 Be7 21. Red1 Rhg8 22. f3 Kb8 23. Nd6 Bxd6 24. Rxd6 Rg7 25. Rad1 Rdg8 26. Nd4 Rxg2+ 27. Qxg2 Rxg2+ 28. Kxg2 Nxd4 29. R1xd4 Kc8 30. Rxd7 Qxd7 31. Rxd7 Kxd7 32. c4 Kc6 33. Kh3 Kd7 34. Kh4 Ke7 35. Kh5 1-0


[Site "https://www.chess.com"]

[Event "Titled Tuesday Blitz November 15 Early 2022"]
[White "Rios Escobar, Adan"]
[Black "Ghosh, Chanchal Kumer"]
[WhiteFideId "3403645"]
[BlackFideId "10201858"]
[WhiteElo "2340"]
[BlackElo "2058"]
[Result "1-0"]
[Round "08"]
[TimeControl "180+1"]
[Date "2022.11.16"]
[WhiteClock "0:00:10"]
[BlackClock "0:00:57"]

1. d4 d5 2. c4 e6 3. g3 Nf6 4. Bg2 c6 5. Nf3 Nbd7 6. O-O Bd6 7. Nc3 O-O 8. Nd2 b6 9. e4 dxe4 10. Ndxe4 Nxe4 11. Nxe4 Be7 12. Qe2 Bb7 13. Rd1 h6 14. Bf4 Nf6 15. Rac1 Nxe4 16. Bxe4 Bf6 17. Be5 Qe7 18. Qf3 Rac8 19. a3 Rfd8 20. Bxf6 Qxf6 21. Qxf6 gxf6 22. c5 b5 23. b4 Rd7 24. a4 a6 25. axb5 axb5 26. Rd2 Rcd8 27. Rcd1 e5 28. Kf1 Rxd4 29. Rxd4 exd4 30. Ke2 Kf8 31. Kd3 Ke7 32. Ra1 Ke6 33. Ra7 Rd7 34. g4 Ke5 35. Bf5 Re7 36. Bc8 Kf4 37. Rxb7 Re1 38. Rxf7 Rd1+ 39. Ke2 Rb1 40. Rxf6+ Ke5 41. Rf5+ Ke4 42. f3# 1-0


[Site "https://www.chess.com"]

[Event "Titled Tuesday Blitz November 15 Early 2022"]
[White "Rodriguez Fontecha, Marcos"]
[Black "Korchmar, Vasiliy"]
[WhiteFideId "2256576"]
[BlackFideId "24131750"]
[WhiteElo "2263"]
[BlackElo "2370"]
[Result "0-1"]
[Round "08"]
[TimeControl "180+1"]
[Date "2022.11.16"]
[WhiteClock "0:00:08"]
[BlackClock "0:02:21"]

1. d4 d5 2. Bf4 Nf6 3. e3 c5 4. c3 Nc6 5. Nd2 Qb6 6. Qb3 c4 7. Qc2 Bg4 8. Ngf3 e6 9. Be2 Be7 10. O-O O-O 11. h3 Bf5 12. Qc1 h6 13. Bd1 Rfc8 14. Bc2 Bxc2 15. Qxc2 Qd8 16. e4 b5 17. Rfe1 b4 18. exd5 Nxd5 19. Bg3 bxc3 20. bxc3 Bf8 21. Rab1 Nce7 22. Ne5 Nf5 23. Bh2 Qa5 24. Ndxc4 Qxc3 25. Qa4 Nxd4 26. Rbd1 f6 27. Re3 Qc2 28. Qxc2 Nxc2 29. Re2 Nc3 30. Rxc2 Nxd1 31. Nd3 e5 32. f3 Rc6 33. Kf1 Rac8 34. Ke1 Rxc4 35. Rxc4 Rxc4 36. Kxd1 Ra4 37. Nc1 Ba3 38. Nb3 Bb2 39. Kc2 Bd4 40. Nc1 Be3 41. Kb3 Ra6 42. Nd3 Rd6 43. Nb4 Rd2 44. Bg3 Rxg2 45. Be1 Bd2 0-1


[Site "https://www.chess.com"]

[Event "Titled Tuesday Blitz November 15 Early 2022"]
[White "Rohith Krishna S"]
[Black "Ozen, Bahadir"]
[WhiteFideId "46617051"]
[BlackFideId "6337058"]
[WhiteElo "2270"]
[BlackElo "2503"]
[Result "1/2-1/2"]
[Round "08"]
[TimeControl "180+1"]
[Date "2022.11.15"]
[WhiteClock "0:01:16"]
[BlackClock "0:00:40"]

1. e4 d6 2. c4 Nf6 3. Nc3 e5 4. d3 c6 5. g3 Be7 6. Bg2 O-O 7. Nge2 a6 8. O-O b5 9. b3 Nbd7 10. h3 Bb7 11. Kh2 b4 12. Na4 d5 13. a3 a5 14. g4 dxe4 15. dxe4 Nc5 16. axb4 Qxd1 17. Rxd1 Nxb3 18. Rb1 Nxc1 19. Nxc1 axb4 20. Nb6 Rad8 21. Nd3 c5 22. Nd5 Bxd5 23. exd5 Bd6 24. Kg1 e4 25. Ne1 Rfe8 26. Nc2 Bf4 27. Na1 e3 28. fxe3 Bxe3+ 29. Kh1 h5 30. Bf3 hxg4 31. hxg4 g6 32. Nb3 Kg7 33. Kg2 Nd7 34. Re1 Bf4 35. Ra1 Rxe1 36. Rxe1 Bd6 37. Ra1 Nb6 38. Be2 Ra8 39. Rxa8 Nxa8 40. Kf3 Nb6 41. Ke4 Na4 42. Bf1 Nc3+ 43. Kd3 Kf6 44. Na5 Ke7 45. g5 Kd7 46. Bh3+ Kc7 47. Nb3 Kb6 48. Bd7 Be7 49. Be8 Bxg5 50. Bxf7 Be7 51. Bxg6 Bd6 52. Kc2 Kc7 53. Kd3 Kb6 1/2-1/2


[Site "https://www.chess.com"]

[Event "Titled Tuesday Blitz November 15 Early 2022"]
[White "Rosh Jain"]
[Black "Mrudul Dehankar"]
[WhiteFideId "25789465"]
[BlackFideId "25096990"]
[WhiteElo "2233"]
[BlackElo "2068"]
[Result "1-0"]
[Round "08"]
[TimeControl "180+1"]
[Date "2022.11.16"]
[WhiteClock "0:00:19"]
[BlackClock "0:00:02"]

1. e4 c5 2. Nf3 d6 3. d4 cxd4 4. Nxd4 Nf6 5. Nc3 a6 6. Bc4 e6 7. Bb3 Qc7 8. Bg5 Be7 9. Qd2 Nc6 10. O-O-O Na5 11. f4 h6 12. Bxf6 Bxf6 13. Kb1 Nc4 14. Bxc4 Qxc4 15. e5 dxe5 16. fxe5 Bg5 17. Qf2 Bd7 18. h4 Be7 19. Ne4 Rf8 20. Qg3 O-O-O 21. Qxg7 Be8 22. c3 Bc6 23. Nf6 Bxf6 24. Qxf6 Be4+ 25. Ka1 Bd5 26. Nb3 Bxg2 27. Rhg1 1-0


[Site "https://www.chess.com"]

[Event "Titled Tuesday Blitz November 15 Early 2022"]
[White "Safin, Robert"]
[Black "Kopacz, Grzegorz"]
[WhiteFideId "34189120"]
[BlackFideId "1109880"]
[WhiteElo "2253"]
[BlackElo "2037"]
[Result "1-0"]
[Round "08"]
[TimeControl "180+1"]
[Date "2022.11.16"]
[WhiteClock "0:00:04"]
[BlackClock "0:01:05"]

1. e4 c5 2. c3 g6 3. d4 cxd4 4. cxd4 d5 5. exd5 Nf6 6. Nc3 Nxd5 7. Qb3 Nxc3 8. Bc4 e6 9. bxc3 Bg7 10. Ba3 Nc6 11. Nf3 Ne7 12. O-O O-O 13. Ne5 Re8 14. Rfe1 Nc6 15. Bb5 Qc7 16. d5 exd5 17. Nxc6 Be6 18. Nd4 Rec8 19. Nxe6 fxe6 20. Rac1 a6 21. Bf1 Qf4 22. Rc2 Qf5 23. g3 Rc7 24. Bd6 Rf7 25. Bg2 Qxf2+ 26. Rxf2 1-0


[Site "https://www.chess.com"]

[Event "Titled Tuesday Blitz November 15 Early 2022"]
[White "Salman, Pavel"]
[Black "Muminova, Nafisa"]
[WhiteFideId "24153753"]
[BlackFideId "14201526"]
[WhiteElo "2187"]
[BlackElo "2258"]
[Result "1-0"]
[Round "08"]
[TimeControl "180+1"]
[Date "2022.11.16"]
[WhiteClock "0:00:11"]
[BlackClock "0:00:01"]

1. d4 Nf6 2. Nc3 d5 3. Bf4 Bf5 4. Nb5 Na6 5. e3 e6 6. f3 c6 7. Nc3 Bb4 8. g4 Bg6 9. h4 h5 10. g5 Nd7 11. Bd3 Bxd3 12. Qxd3 c5 13. a3 cxd4 14. exd4 Qa5 15. Ne2 Rc8 16. Kf2 Be7 17. Rae1 Qb6 18. Nb5 Nab8 19. g6 f6 20. Nec3 Kf8 21. Rxe6 Qxe6 22. Re1 Qh3 23. Nxd5 Nc6 24. Qe3 Re8 25. Nd6 Qxh4+ 26. Kg1 Qxe1+ 27. Qxe1 Bxd6 28. Bxd6+ Kg8 29. Qxe8+ 1-0


[Site "https://www.chess.com"]

[Event "Titled Tuesday Blitz November 15 Early 2022"]
[White "Santos Ruiz, Miguel"]
[Black "Itgelt, Khuyagtsogt"]
[WhiteFideId "22291482"]
[BlackFideId "4902912"]
[WhiteElo "2503"]
[BlackElo "2129"]
[Result "1/2-1/2"]
[Round "08"]
[TimeControl "180+1"]
[Date "2022.11.15"]
[WhiteClock "0:00:38"]
[BlackClock "0:00:30"]

1. b3 Nf6 2. Bb2 e6 3. c4 d5 4. e3 Be7 5. Nf3 b6 6. cxd5 exd5 7. Nc3 O-O 8. d4 Re8 9. Bd3 a6 10. O-O Bd6 11. Rc1 Nbd7 12. Qc2 h6 13. e4 dxe4 14. Nxe4 Nxe4 15. Bxe4 Rb8 16. Bc6 Bb7 17. d5 Bxc6 18. dxc6 Ne5 19. Nxe5 Bxe5 20. Rcd1 Qf6 21. Bxe5 Rxe5 22. b4 Re6 23. Rc1 Rd8 24. a4 b5 25. axb5 axb5 26. Qc5 Rdd6 27. Qxb5 Rxc6 28. Qb8+ Kh7 29. b5 Rb6 30. Qxc7 Rxb5 31. Qa7 Rbe5 32. Qb7 Re7 33. Qb1+ Qg6 34. Qxg6+ Kxg6 35. g3 Re2 36. Rc3 h5 37. h4 f6 38. Kg2 Re1 39. Rxe1 Rxe1 40. Rc7 Re5 41. Kf3 Ra5 42. Rc4 Rb5 43. Ra4 Rc5 44. Re4 Ra5 45. Kg2 Ra3 46. Rf4 Ra5 47. Rf3 Re5 48. Ra3 Rc5 49. Ra7 Rb5 50. Rc7 Rb3 51. Rc5 Rb4 52. Rc3 Ra4 53. Re3 Ra5 54. Kh3 Rb5 55. f3 Rb4 56. g4 hxg4+ 57. fxg4 Ra4 58. Kg3 Kf7 59. Rb3 Ra7 60. Rb4 Rc7 61. Kf4 Ra7 62. h5 Rc7 63. Rb5 Ra7 64. Kf5 Rc7 65. Rb6 Ra7 66. Rc6 Ra5+ 67. Kf4 Ra4+ 68. Kg3 Ra7 69. Kh4 Re7 70. Ra6 Rc7 71. Kg3 Rb7 72. Ra5 Rc7 73. Kf4 Rc4+ 74. Kf5 Rc7 75. Rb5 Ra7 76. g5 fxg5 77. Kxg5 Rc7 78. Rf5+ Kg8 79. Re5 Kh7 80. Rf5 Rb7 81. Rd5 Rb1 82. Rd4 Rg1+ 83. Rg4 Rxg4+ 84. Kxg4 Kh6 85. Kh4 g6 86. hxg6 Kxg6 1/2-1/2


[Site "https://www.chess.com"]

[Event "Titled Tuesday Blitz November 15 Early 2022"]
[White "Sarana, Alexey"]
[Black "Ivic, Velimir"]
[WhiteFideId "24133795"]
[BlackFideId "950122"]
[WhiteElo "2708"]
[BlackElo "2625"]
[Result "1/2-1/2"]
[Round "08"]
[TimeControl "180+1"]
[Date "2022.11.15"]
[WhiteClock "0:00:11"]
[BlackClock "0:00:18"]

1. c4 e6 2. Nc3 d5 3. d4 Nf6 4. cxd5 exd5 5. Bf4 Bd6 6. Bxd6 Qxd6 7. e3 Bf5 8. Qf3 Bg6 9. Qg3 Qxg3 10. hxg3 c6 11. f3 Nbd7 12. g4 Ke7 13. Nge2 h5 14. gxh5 Nxh5 15. Kf2 Nhf6 16. Rxh8 Rxh8 17. Nf4 Bh7 18. g4 g5 19. Nh3 Rg8 20. Ne2 Ne8 21. Ng3 Nd6 22. b3 f5 23. gxf5 Nxf5 24. Bd3 Ke6 25. Rg1 Nf6 26. Nxf5 Bxf5 27. Nxg5+ Rxg5 28. Rxg5 Bxd3 29. Rg7 Nd7 30. Kg3 b6 31. b4 a5 32. bxa5 bxa5 33. Kf4 c5 34. dxc5 Nxc5 35. Ra7 a4 36. Ra8 Bb1 37. a3 Bc2 38. Ra5 Nd3+ 39. Kg5 Ne5 40. Ra6+ Kd7 41. f4 Nc4 42. f5 Bxf5 43. Kxf5 Nxe3+ 44. Kf4 Nc4 45. Rxa4 Kc6 46. Kf3 Kc5 47. Ke2 d4 48. Ra8 Ne5 49. Kd2 Kc4 50. Rb8 Nc6 51. Rb1 Na5 52. Rb4+ Kc5 53. Kd3 Nc6 54. Rb7 Ne5+ 55. Ke4 Nc4 56. Rc7+ Kb5 57. a4+ Kb4 58. Kxd4 Na5 59. Rc8 Kxa4 60. Kc5 Nb3+ 61. Kc4 Na5+ 62. Kc5 Nb3+ 63. Kd5 Kb4 64. Rc2 Kb5 65. Rc4 Na5 66. Rc5+ Kb4 67. Rc8 Nb3 68. Rb8+ Kc3 69. Rb5 Nd2 70. Ra5 Nb3 71. Ra4 Nd2 72. Kc6 Kd3 73. Kb5 Ne4 74. Ra3+ Kd4 75. Kc6 Nc3 76. Ra1 Ne4 77. Rd1+ Kc4 78. Re1 Nc3 79. Kd6 Kd4 80. Ke6 Ne4 81. Kf5 Nd6+ 82. Kf4 Kd5 83. Re2 Nc4 84. Ra2 Nd6 85. Ra5+ Kd4 86. Ra4+ Kd5 87. Ra1 Nc4 88. Rd1+ Kc5 89. Ke4 Nd6+ 90. Kd3 Kd5 91. Rh1 Nc4 92. Rh5+ Ne5+ 93. Ke3 Kd6 94. Ke4 Nc6 95. Rb5 Ke6 96. Rd5 Ne7 97. Rd2 Nc6 98. Rd1 Ne7 99. Kd4 Nf5+ 100. Kc5 Ke5 101. Re1+ Kf4 102. Kd5 Ne3+ 103. Ke6 Ke4 104. Rxe3+ Kxe3 1/2-1/2


[Site "https://www.chess.com"]

[Event "Titled Tuesday Blitz November 15 Early 2022"]
[White "Sariego Figueredo, Wilfredo"]
[Black "Demin, Vladimir"]
[WhiteFideId "3500080"]
[BlackFideId "4167457"]
[WhiteElo "2309"]
[BlackElo "2566"]
[Result "0-1"]
[Round "08"]
[TimeControl "180+1"]
[Date "2022.11.16"]
[WhiteClock "0:02:14"]
[BlackClock "0:01:54"]

1. d4 Nf6 2. Bf4 d5 3. e3 c5 4. c3 Nc6 5. Nd2 Qb6 6. b3 Bf5 7. Ngf3 e6 8. Ne5 cxd4 9. exd4 Qa5 10. Nxc6 bxc6 11. b4 Qb6 12. Qg4 Bxg4 0-1


[Site "https://www.chess.com"]

[Event "Titled Tuesday Blitz November 15 Early 2022"]
[White "Sarkar, Justin"]
[Black "Pinheiro, Iung Alicio de O."]
[WhiteFideId "2010011"]
[BlackFideId "2104350"]
[WhiteElo "2239"]
[BlackElo "2283"]
[Result "0-1"]
[Round "08"]
[TimeControl "180+1"]
[Date "2022.11.16"]
[WhiteClock "0:00:13"]
[BlackClock "0:01:00"]

1. e4 c5 2. Nf3 Nc6 3. Bb5 e5 4. O-O Bd6 5. c3 a6 6. Bc4 Nf6 7. d4 O-O 8. dxe5 Bxe5 9. Nxe5 Nxe5 10. Bd5 Nxd5 11. Qxd5 d6 12. Bf4 Be6 13. Qxb7 Rb8 14. Qxa6 Bc4 15. Qa4 Bxf1 16. Kxf1 Rxb2 17. Nd2 Nd3 18. Be3 Qf6 0-1


[Site "https://www.chess.com"]

[Event "Titled Tuesday Blitz November 15 Early 2022"]
[White "Saya, Ethan"]
[Black "Kopczynski, Michal"]
[WhiteFideId "26095181"]
[BlackFideId "1124200"]
[WhiteElo "2162"]
[BlackElo "2235"]
[Result "1-0"]
[Round "08"]
[TimeControl "180+1"]
[Date "2022.11.16"]
[WhiteClock "0:00:20"]
[BlackClock "0:00:03"]

1. d4 Nf6 2. c4 g6 3. g3 Bg7 4. Bg2 d6 5. Nf3 O-O 6. O-O Nc6 7. d5 Nb8 8. Nc3 e5 9. dxe6 fxe6 10. Rb1 Nc6 11. b4 Ne7 12. a4 e5 13. Ba3 Bf5 14. Rc1 Qd7 15. b5 Bh3 16. c5 Bxg2 17. Kxg2 e4 18. Nd4 d5 19. c6 bxc6 20. Bxe7 Qxe7 21. Nxc6 Qf7 22. Nxd5 Ng4 23. Nf4 g5 24. Nh3 h6 25. Qd5 Rae8 26. Qxf7+ Rxf7 27. Rfd1 Ref8 28. Rd8 Rxd8 29. Nxd8 Be5 30. Nxf7 Kxf7 31. Rc6 Ke7 32. e3 Bd6 33. Ra6 Bc5 34. Ng1 Ne5 35. Rxh6 Nd3 36. h4 gxh4 37. gxh4 Ne1+ 38. Kf1 Nd3 39. h5 Nb2 40. Rc6 Bd6 41. h6 Be5 42. h7 Nxa4 43. Rxc7+ Bxc7 44. h8=Q 1-0


[Site "https://www.chess.com"]

[Event "Titled Tuesday Blitz November 15 Early 2022"]
[White "Seemann, Jakub"]
[Black "Andreikin, Dmitry"]
[WhiteFideId "21874697"]
[BlackFideId "4158814"]
[WhiteElo "2275"]
[BlackElo "2736"]
[Result "0-1"]
[Round "08"]
[TimeControl "180+1"]
[Date "2022.11.16"]
[WhiteClock "0:00:09"]
[BlackClock "0:00:53"]

1. d4 d5 2. c4 e6 3. Nf3 Nf6 4. g3 dxc4 5. Bg2 c6 6. O-O b5 7. Ne5 Bb7 8. a4 a6 9. b3 cxb3 10. Qxb3 Be7 11. Bb2 O-O 12. Nd2 Nfd7 13. Ne4 Nxe5 14. dxe5 Qc7 15. Rfd1 Nd7 16. Nd6 Nb6 17. a5 Nd7 18. Rac1 Bxd6 19. Rxd6 c5 20. Rcd1 Bxg2 21. Rxd7 Qc6 22. f3 Bh3 23. R1d6 Qc8 24. g4 c4 25. Qb4 Rb8 26. Kf2 Bxg4 27. fxg4 Rb7 28. Rxb7 Qxb7 29. Qc5 h6 30. Qd4 Kh7 31. Ba3 Qh1 32. Kg3 Qe1+ 33. Kf3 f6 34. Qe4+ f5 35. Qc2 Qf1+ 36. Ke3 Qh3+ 37. Kd2 Qxa3 38. gxf5 Qxa5+ 39. Ke3 Qa3+ 40. Kd4 Qa1+ 41. Qc3 Qxc3+ 42. Kxc3 exf5 43. Rxa6 Rb8 44. Kb4 Rc8 45. e6 c3 46. Ra1 c2 47. Rc1 Kg6 48. Kxb5 Kf6 49. Kb4 Kxe6 50. Kb3 Ke5 51. Rxc2 Rxc2 52. Kxc2 Ke4 53. Kd2 f4 54. Ke1 Ke3 55. Kf1 g5 56. h3 h5 57. Ke1 g4 58. hxg4 hxg4 59. Kf1 f3 60. exf3 Kxf3 61. Kg1 Kg3 62. Kh1 Kf2 63. Kh2 g3+ 0-1


[Site "https://www.chess.com"]

[Event "Titled Tuesday Blitz November 15 Early 2022"]
[White "Seifert, Henryk"]
[Black "Matveeva, Olga"]
[WhiteFideId "1100963"]
[BlackFideId "24107018"]
[WhiteElo "2120"]
[BlackElo "2055"]
[Result "0-1"]
[Round "08"]
[TimeControl "180+1"]
[Date "2022.11.16"]
[WhiteClock "0:00:24"]
[BlackClock "0:01:43"]

1. e4 e6 2. d4 d5 3. Nd2 c5 4. exd5 Qxd5 5. Ngf3 cxd4 6. Bc4 Qd6 7. O-O Nf6 8. Nb3 Nc6 9. Nbxd4 Nxd4 10. Qxd4 Qxd4 11. Nxd4 Bc5 12. Nb3 Bb6 13. a4 a5 14. Bf4 Bd7 15. Bd6 Rc8 16. Bd3 Bc6 17. c4 Be4 18. Be2 Bc2 19. Ra3 Ne4 20. c5 Nxd6 21. cxd6 Kd7 22. Bf3 Kxd6 23. Bxb7 Rb8 24. Bf3 Bxb3 0-1


[Site "https://www.chess.com"]

[Event "Titled Tuesday Blitz November 15 Early 2022"]
[White "Shapiro, Daniel"]
[Black "Wagner, Dennis"]
[WhiteFideId "2001780"]
[BlackFideId "24650684"]
[WhiteElo "2319"]
[BlackElo "2470"]
[Result "0-1"]
[Round "08"]
[TimeControl "180+1"]
[Date "2022.11.16"]
[WhiteClock "0:00:02"]
[BlackClock "0:00:24"]

1. d4 Nf6 2. c4 e6 3. g3 d5 4. Nf3 Be7 5. Bg2 O-O 6. O-O dxc4 7. Ne5 Nc6 8. Bxc6 bxc6 9. Nxc6 Qe8 10. Nxe7+ Qxe7 11. Qa4 e5 12. dxe5 Qxe5 13. Qxc4 Bb7 14. Nc3 Ne4 15. Nxe4 Bxe4 16. Bf4 Qf5 17. f3 Bd5 18. Qxc7 Qe6 19. Qe5 Qb6+ 20. Be3 Qb7 21. Bd4 f6 22. Qf4 Rfe8 23. e4 Bf7 24. Rac1 a5 25. Rc7 Qb4 26. Qe3 a4 27. a3 Qb5 28. Rfc1 Rad8 29. Ra7 Rd7 30. Rcc7 Rxc7 31. Rxc7 h5 32. h4 Rd8 33. Kf2 Qa5 34. Qc3 Qb5 35. Ra7 Qe8 36. Qc7 Rxd4 37. Ke3 Rd8 38. Rxa4 Rc8 39. Qa7 Qb5 40. Rb4 Qf1 41. Qd7 Qe1+ 42. Kd3 Qd1+ 0-1


[Site "https://www.chess.com"]

[Event "Titled Tuesday Blitz November 15 Early 2022"]
[White "Shimanov, Aleksandr"]
[Black "Ginzburg, Yakov"]
[WhiteFideId "4198603"]
[BlackFideId "4157176"]
[WhiteElo "2605"]
[BlackElo "2305"]
[Result "1-0"]
[Round "08"]
[TimeControl "180+1"]
[Date "2022.11.15"]
[WhiteClock "0:00:16"]
[BlackClock "0:00:04"]

1. e4 c5 2. Nf3 e6 3. c4 Nc6 4. Nc3 Nf6 5. Be2 d5 6. exd5 exd5 7. d4 cxd4 8. Nxd4 Bb4 9. O-O O-O 10. Bg5 dxc4 11. Nxc6 bxc6 12. Bxc4 Bxc3 13. bxc3 Qxd1 14. Rfxd1 Ne4 15. Be3 Nxc3 16. Rd6 Nd5 17. Bc5 Be6 18. Ba6 Rfd8 19. Rxc6 h6 20. h3 Nf4 21. Bf1 Bd5 22. Rd6 Rxd6 23. Bxd6 Ne6 24. a3 Rd8 25. Bb4 Nd4 26. Rc1 Be6 27. Rc7 Rd7 28. Rxd7 Bxd7 29. Bc5 Nb5 30. f4 a6 31. Kf2 f6 32. Ke3 Kf7 33. g4 Ke6 34. Bc4# 1-0


[Site "https://www.chess.com"]

[Event "Titled Tuesday Blitz November 15 Early 2022"]
[White "Shipov, Sergei"]
[Black "Hadzovic, Amir"]
[WhiteFideId "4113624"]
[BlackFideId "14402300"]
[WhiteElo "2778"]
[BlackElo "2262"]
[Result "1-0"]
[Round "08"]
[TimeControl "180+1"]
[Date "2022.11.16"]
[WhiteClock "0:00:10"]
[BlackClock "0:00:09"]

1. d4 d5 2. c4 e6 3. Nc3 Nf6 4. cxd5 exd5 5. Bg5 Be7 6. e3 O-O 7. Bd3 Re8 8. Nf3 Nbd7 9. O-O Nf8 10. Qc2 Ng6 11. Rab1 a5 12. a3 Bg4 13. Ne5 Be6 14. f4 Nxe5 15. fxe5 Ng4 16. Bxe7 Qxe7 17. Rf3 h5 18. h3 Nh6 19. Rbf1 Qg5 20. Qf2 h4 21. Kh1 g6 22. Rf4 Bf5 23. Bxf5 Nxf5 24. Nxd5 Ng3+ 25. Kg1 Nxf1 26. Nf6+ Kg7 27. Nxe8+ Rxe8 28. Rxf7+ Kh6 29. Kxf1 c5 30. Rf4 cxd4 31. Qxh4+ Qxh4 32. Rxh4+ Kg5 33. Rg4+ Kf5 34. exd4 Rc8 35. Kg1 Rc2 36. b4 axb4 37. axb4 Rb2 38. Rg3 Rxb4 39. Rf3+ Ke4 40. e6 Rb1+ 41. Kf2 Rb2+ 42. Kg3 Re2 43. Rf6 Kxd4 44. Rxg6 b5 45. Kf3 Re1 46. e7 Rxe7 47. Rb6 Kc5 48. Rb8 b4 49. h4 Kc4 50. g4 Rd7 51. g5 Rd3+ 52. Kg4 Rd4+ 53. Kh5 b3 54. g6 Kc3 55. g7 Rb4 56. Rxb4 Kxb4 57. g8=Q b2 58. Qb8+ Kc3 59. Qxb2+ Kxb2 60. Kg6 Kc3 61. h5 Kd4 62. h6 1-0


[Site "https://www.chess.com"]

[Event "Titled Tuesday Blitz November 15 Early 2022"]
[White "Simonovic, Miroslav"]
[Black "Guimaraes, Wagner Peixoto"]
[WhiteFideId "919152"]
[BlackFideId "2100940"]
[WhiteElo "2043"]
[BlackElo "2231"]
[Result "1/2-1/2"]
[Round "08"]
[TimeControl "180+1"]
[Date "2022.11.16"]
[WhiteClock "0:00:05"]
[BlackClock "0:00:06"]

1. d4 Nf6 2. Bg5 c5 3. Bxf6 gxf6 4. c3 d5 5. e3 Nc6 6. Nd2 Qb6 7. Qb3 c4 8. Qxb6 axb6 9. e4 e6 10. exd5 exd5 11. g3 Be6 12. Bg2 b5 13. Ne2 Bh6 14. f4 b4 15. Nf3 bxc3 16. Nxc3 Nb4 17. Kd2 Nd3 18. Nd1 Rg8 19. Bf1 Bf5 20. Ne1 Nxe1 21. Kxe1 Be4 22. Rg1 Bxf4 23. Nf2 Be3 24. Nxe4 dxe4 25. Rg2 b5 26. Re2 Bxd4 27. Rxe4+ Be5 28. a4 Kd7 29. Rd1+ Kc7 30. axb5 Rge8 31. Rxc4+ Kb6 32. Rc6+ Ka5 33. Kf2 Bxb2 34. Rd7 Rad8 35. Ra6+ Kb4 36. Rxf7 Rd2+ 37. Kf3 Bd4 38. Kg4 Re1 39. Raxf6 Bxf6 40. Rxf6 Rxh2 41. b6 Re8 42. Bd3 Rb8 43. Be4 Re2 44. Bf3 Re7 45. b7 Rg7+ 46. Kh4 Rgxb7 47. Bxb7 Rxb7 48. g4 Rg7 49. Kh5 Kc5 50. g5 Kd5 51. Kh6 Ra7 52. Rf8 Ke5 53. Rh8 Kf5 54. Rxh7 Rxh7+ 55. Kxh7 Kxg5 1/2-1/2


[Site "https://www.chess.com"]

[Event "Titled Tuesday Blitz November 15 Early 2022"]
[White "Skliarov, Viktor"]
[Black "Gjestemoen-VonHirsch, Andre"]
[WhiteFideId "14106736"]
[BlackFideId "1539531"]
[WhiteElo "2284"]
[BlackElo "2198"]
[Result "1-0"]
[Round "08"]
[TimeControl "180+1"]
[Date "2022.11.16"]
[WhiteClock "0:00:13"]
[BlackClock "0:00:03"]

1. e4 g6 2. d4 Bg7 3. Nc3 c5 4. dxc5 Bxc3+ 5. bxc3 Qa5 6. Qd4 Nf6 7. Qb4 Qc7 8. Nf3 Nc6 9. Qa4 Ne5 10. Be2 O-O 11. Qd4 Nc6 12. Qe3 b6 13. cxb6 axb6 14. O-O Ba6 15. Bd3 Ng4 16. Qg5 Nce5 17. Nxe5 Nxe5 18. Bxa6 Rxa6 19. Qxe7 Qxc3 20. Bh6 Rc8 21. h3 Nc6 22. Qxd7 Nb4 23. Rad1 Raa8 24. Qe7 1-0


[Site "https://www.chess.com"]